Map: World of Sleepers LE

Players

Mez

  • Race: Terran Terran
  • League: Master
  • Spawn Location: 7:00

Liberty - Winner!

  • Race: Terran Terran
  • League: Master
  • Spawn Location: 1:00

VOD

Have the link to the VOD?

Description

Time

  • Played on: Sept. 5, 2019, 7:56 a.m.
  • Length: 7:15
Show
View Real Time Build Order
Export as new Build Order

Mez Terran 

Build Orders: Gas First Reaper Expand, Liberator Opening 

Get SALT Encoding   

  12  0:00  SCV  
  13  0:13  SCV  
  14  0:20  Supply Depot  
  14  0:25  SCV  
  14  0:27  Refinery  
  15  0:41  SCV  
  16  0:46  Barracks  
  16  0:53  SCV  
  17  1:05  SCV  
  18  1:18  SCV  
  19  1:34  Orbital Command, Reaper  
  20  1:50  Command Center  
  20  2:00  SCV, Factory  
  21  2:07  Barracks Reactor  
  21  2:12  Supply Depot  
  21  2:14  SCV  
  22  2:20  Refinery  
  22  2:26  SCV  
  23  2:38  SCV  
  24  2:48  Starport  
  24  2:50  Barracks Tech Lab  
  28  2:51  Hellion x2  
  28  3:05  Orbital Command  
  28  3:11  Marauder  
  29  3:17  Hellion x2  
  33  3:24  Medivac  
  35  3:29  Concussive Shells  
  35  3:32  Marauder  
  37  3:48  Liberator  
  34  3:50  SCV  
  34  3:51  SCV  
  34  3:52  Hellion x2  
  40  4:07  SCV  
  44  4:13  Supply Depot  
  42  4:30  SCV x2  
  36  4:32  Siege Tank  
  34  4:43  SCV x2  
  31  5:00  SCV x2  
  32  5:12  SCV x2  
  33  5:19  Medivac  
  35  5:24  SCV  
  35  5:25  SCV  
  37  5:36  SCV  
  32  5:47  SCV  
  32  5:48  SCV  
  24  5:59  Marine x2, SCV  
  24  6:01  SCV  
  31  6:06  Starport Tech Lab  
  26  6:11  SCV  
  26  6:13  Siege Tank, SCV  
  26  6:17  Marine  
  32  6:23  Marine, SCV  
  31  6:27  Raven  
  31  6:31  SCV  
  33  6:35  SCV  
  33  6:39  Marine  
  34  6:41  Marine  
  34  6:45  SCV  
  35  6:47  SCV  
Show
View Real Time Build Order
Export as new Build Order

Liberty Terran - Winner!

Build Orders: 1/1/1 

Get SALT Encoding   

  12  0:01  SCV  
  13  0:13  SCV  
  14  0:17  Supply Depot  
  14  0:25  SCV  
  14  0:28  Refinery  
  15  0:39  SCV  
  16  0:44  Barracks  
  16  0:51  SCV  
  16  0:54  Refinery  
  17  1:03  SCV  
  18  1:15  SCV  
  19  1:31  Orbital Command, Barracks Reactor  
  19  1:35  Factory  
  19  1:42  Supply Depot  
  19  1:58  SCV  
  20  2:07  Reaper  
  20  2:08  Reaper  
  22  2:10  SCV  
  23  2:18  Hellion  
  23  2:19  Starport  
  25  2:22  SCV  
  26  2:32  Supply Depot  
  26  2:35  SCV  
  27  2:39  Reaper  
  27  2:40  Hellion, Reaper  
  31  2:54  SCV  
  31  2:56  Supply Depot  
  31  2:57  Medivac  
  34  3:02  Hellion  
  36  3:12  Reaper x2  
  38  3:27  Factory Tech Lab  
  38  3:31  Starport Tech Lab  
  38  3:43  Marine  
  38  3:44  Marine  
  36  3:52  Raven  
  36  3:53  Command Center  
  38  4:02  Marine x2  
  40  4:05  SCV  
  40  4:07  Supply Depot  
  41  4:15  Siege Tank  
  44  4:18  SCV  
  45  4:30  Marine x2  
  41  4:48  Marine x2  
  41  4:58  Cyclone  
  44  5:14  Marine x2  
  45  5:22  Orbital Command  
  45  5:24  SCV  
  45  5:26  Refinery  
  45  5:36  SCV  
  45  5:40  Marine x2  
  42  5:47  Siege Tank, Raven  
  42  5:48  SCV  
  44  5:50  SCV  
  42  6:00  SCV  
  42  6:01  Marine x2  
  42  6:03  SCV  
  46  6:12  SCV  
  47  6:30  Marine x2, Siege Tank  
  52  6:39  SCV x2  
  56  6:44  Command Center  
  56  6:51  SCV  
Tags
 
Add a new tag
Caveats
  • Supply blocks, unpowered buildings, or Contaminate may cause inaccurate times.
  • Supply counts are checked every 10 seconds.